 Dungeon Crawl Stone Soup version 0.29-a0-322-g68df515428 (webtiles) character file.

Game seed: 1990814370790347391

2457 Flugslaktarn the Tainter (level 9, -2/53 (65) HPs)
             Began as a Human Venom Mage on Apr 6, 2022.
             Was a Follower of Sif Muna.
             Slain by a wight
             ... wielding a +0 great sword
              (4 damage)
             ... on level 8 of the Dungeon.
             The game lasted 00:20:30 (3532 turns).

Flugslaktarn the Tainter (Human Venom Mage)         Turns: 3532, Time: 00:20:31

HP:   -2/53 (65)    AC: 11    Str:  8    XL:     9   Next: 79%
MP:   24/24         EV: 12    Int: 21    God:    Sif Muna [*.....]
Gold: 312           SH:  3    Dex: 13    Spells: 6/16 levels left

rFire   + . .      SeeInvis .   F - +3 trident (vorpal)
rCold   . . .      Faith    .   I - +0 buckler
rNeg    . . .      Spirit   .   r - +4 robe of Resilience {rPois rF+}
rPois   +          Reflect  .   u - +2 hat
rElec   .          Harm     .   D - +2 cloak
rCorr   .          Rampage  .   (no gloves)
Will    .....                   (no boots)
Stlth   ++........              (no amulet)
HPRegen 0.17/turn               y - ring of magical power
MPRegen 0.19/turn               (no ring)

@: about to teleport, heavily drained
A: no striking features
a: Renounce Religion, Channel Magic


You were on level 8 of the Dungeon.
You worshipped Sif Muna.
Sif Muna was aware of your devotion.
You visited 2 branches of the dungeon, and saw 9 of its levels.

You collected 390 gold pieces.
You spent 78 gold pieces at shops.

Inventory:

Hand Weapons
 C - a +3 rapier
   (You found it on level 5 of the Dungeon)
 F - a +3 vorpal trident (weapon)
   (You took it off a gnoll sergeant on level 5 of the Dungeon)
Missiles
 l - a curare-tipped dart
 m - 7 boomerangs
 J - 2 silver javelins (quivered)
Armour
 a - a +0 robe
 r - the +4 robe of Resilience (worn) {rPois rF+}
   (You found it on level 7 of the Dungeon)

   rF:        It protects you from fire.
   rPois:     It protects you from poison.
 u - a +2 hat (worn)
   (You found it on level 2 of the Dungeon)
 x - a +1 leather armour of willpower
   (You took it off Eustachio on level 3 of the Dungeon)
 D - a +2 cloak (worn)
   (You took it off Crazy Yiuf on level 5 of the Dungeon)
 I - a +0 buckler (worn)
   (You found it on level 7 of the Dungeon)
Magical Staves
 f - a staff of poison
   (You found it on level 4 of the Dungeon)
 G - a staff of fire
   (You found it on level 6 of the Dungeon)
Jewellery
 y - a ring of magical power (left hand)
   (You found it on level 4 of the Dungeon)
Wands
 p - a wand of iceblast (11)
   (You found it on level 3 of the Dungeon)
 w - a wand of paralysis (5)
   (You found it on level 4 of the Dungeon)
 H - a wand of flame (22)
   (You found it on level 6 of the Dungeon)
Scrolls
 c - a scroll of fear {unknown}
 d - a scroll of noise
 j - 2 scrolls of vulnerability
 k - 2 scrolls of enchant weapon
 n - 3 scrolls of immolation
 t - 5 scrolls of teleportation
 z - a scroll of blinking
Potions
 b - 2 potions of magic
 g - 2 potions of flight
 h - 2 potions of cancellation
 i - 4 potions of lignification
 o - a potion of invisibility {unknown}
 q - 2 potions of curing
 s - a potion of resistance {unknown}
 v - a potion of berserk rage {unknown}
 A - a potion of might {unknown}
 B - 4 potions of attraction {unknown}


   Skills:
 - Level 4.0 Fighting
 - Level 4.0 Polearms
 - Level 4.0 Dodging
 - Level 2.6 Stealth
 + Level 4.4 Spellcasting
 - Level 1.0 Conjurations
 - Level 2.0 Transmutations
 - Level 2.0 Air Magic
 - Level 8.0 Poison Magic
 + Level 3.2 Invocations
 - Level 3.0 Evocations


You had 6 spell levels left.
You knew the following spells:

 Your Spells              Type           Power      Damage    Failure   Level
a - Sting                 Tmut/Pois      100%       1d8       1%          1
b - Poisonous Vapours     Pois/Air       50%        N/A       3%          2
c - Mephitic Cloud        Conj/Pois/Air  20%        N/A       11%         3
d - Olgreb's Toxic Radia  Pois           38%        N/A       6%          4

Your spell library contained the following spells:

 Spells                   Type           Power      Damage    Failure   Level
 Pain                     Necr           16%        1d4       16%         1
 Slow                     Hex            16%        N/A       16%         1
 Blink                    Tloc           8%         N/A       24%         2
 Confusing Touch          Hex            4%         N/A       43%         3
 Gell's Gravitas          Tloc           4%         N/A       43%         3
 Lesser Beckoning         Tloc           4%         N/A       43%         3
 Ozocubu's Armour         Ice            4%         N/A       43%         3
 Teleport Other           Tloc           4%         N/A       43%         3
 Vampiric Draining        Necr           4%         2d6       43%         3
 Agony                    Necr           4%         N/A       99%         5
 Excruciating Wounds      Necr           2%         N/A       99%         5
 Manifold Assault         Tloc           4%         N/A       99%         5
 Ozocubu's Refrigeration  Ice            2%         4d5       100%        7


Dungeon Overview and Level Annotations

Branches:
Dungeon (8/15)             Temple (1/1) D:5
   Lair: D:8-11

Altars:
Ashenzari
Cheibriados
Dithmenos
Elyvilon
Fedhas
Hepliaklqana
Kikubaaqudgha
Makhleb
Nemelex Xobeh
Okawaru
Qazlal
Ru
Sif Muna
Trog
Uskayaw
Vehumet
Wu Jian
Xom
Yredelemnul
Zin
The Shining One

Shops:
D:3 ?


Message History

You hit Joseph but do no damage.
Joseph is severely wounded.
You reach to attack!
The helpless Joseph fails to defend himself.
You hit Joseph.
Joseph is almost dead.
You reach to attack!
The helpless Joseph fails to defend himself.
You hit Joseph.
Joseph is almost dead.
Joseph is no longer paralysed.
You puncture Joseph!
You kill Joseph!
Sif Muna accepts your kill.
Training target 4.0 for Polearms reached!
Training target 4.0 for Dodging reached!
Your Polearms skill increases to level 4!
Your Dodging skill increases to level 4!
Your Spellcasting skill increases to level 4!
Your Invocations skill increases to level 3!
Unknown command.
You now have 312 gold pieces (gained 17).
Things that are here:
a +0 hunting sling; a +0 quarterstaff; a +2 leather armour of poison resistance
Found a scroll of teleportation.
f - a staff of poison (weapon)
t - 6 scrolls of teleportation (gained 1)
You drop a +0 dagger.
You drop a +0 quarterstaff.
You drop a +3 quarterstaff of chaos.
Found a scroll labelled OHEUL ZOELIBA.
c - a scroll labelled OHEUL ZOELIBA
As you read the scroll labelled OHEUL ZOELIBA, it crumbles to dust.
It is a scroll of enchant armour.
Your +1 cloak glows green for a moment.
Found a stone staircase leading down.
There is a stone staircase leading down here.
You climb downwards.
There is a stone staircase leading up here.
Unknown command.
Found a scroll labelled LIUZIZX NIYTIU.
c - a scroll labelled LIUZIZX NIYTIU 4 wights come into view.
A wight is wielding a +0 hand axe and wearing a +1 robe of willpower.
A wight is wielding a +0 great sword and wearing a +1 robe of fire resistance.
Found a scroll labelled UFIS HASUHUXAR.
Unknown command.
Press: ? - help, v - describe, . - travel
Here: a wight, wielding a +2 dire flail and wearing a +0 robe The floor.
Unknown command.
F - a +3 vorpal trident (weapon)
You barely miss the wight.
The wight hits you with a +0 great sword.
You feel drained.
You hit the wight.
The wight is lightly damaged.
The wight hits you with a +0 great sword.
You puncture the wight!
The wight is almost destroyed.
The wight hits you with a +0 great sword!
You feel drained.
The wight hits you with a +0 great sword.
You feel drained.
You closely miss the wight.
The wight is almost destroyed.
The wight hits you with a +0 great sword!
You feel drained.
Unknown command.
Aiming: Paralyse
Press: ? - help, Shift-Dir - straight line, f - wight
Aim: a wight, wielding a +0 great sword and wearing a +1 robe of fire resistance (almost destroyed, chance to affect: 56%)
Okay, then.
You barely miss the wight.
The wight is almost destroyed.
The wight misses you.
You hit the wight but do no damage.
The wight is almost destroyed.
The wight misses you.
You hit the wight but do no damage.
The wight is almost destroyed.
The wight hits you with a +0 great sword.
Unknown command.
You hit the wight but do no damage.
The wight is almost destroyed.
The wight hits you with a +0 great sword.
* * * LOW HITPOINT WARNING * * *
Unknown command.
You feel better.
The wight hits you with a +0 great sword!
* * * LOW HITPOINT WARNING * * *
You feel drained.
* * * LOW HITPOINT WARNING * * *
As you read the scroll of teleportation, it crumbles to dust.
You feel strangely unstable. The wight barely misses you.
Unknown command.
The wight attacks as you move away!
The wight hits you with a +0 great sword!
* * * LOW HITPOINT WARNING * * *
You feel drained.
You die...

#.# #.# #.#
#.##
#..########
##........#
#..#####.#
####..####
#...@<...#
###z#.##.....
++######z#.#
##.#
...zz...z#..
#..zz...z####
#.#...#..#
#.....#.
##...###.
##.# ##


You could see 4 wights.

Vanquished Creatures
  Joseph (D:7)
  Sigmund (D:4)
  Eustachio (D:3)
  2 sky beasts
  A black bear (D:5)
  A centaur (D:6)
  2 phantoms
  A kobold brigand (D:6)
  2 bullfrogs (D:7)
  A necrophage (D:5)
  A gnoll sergeant (D:5)
  6 scorpions
  2 howler monkeys (D:7)
  Crazy Yiuf (D:5)
  An orc priest (D:4)
  3 hounds
  A jelly (D:5)
  A gnoll shaman (D:6)
  6 iguanas
  7 adders
  9 gnolls
  2 white imps (D:5)
  2 ufetubi (D:5)
  A worm (D:4)
  A dart slug (D:1)
  8 orcs
  3 bats
  5 endoplasms
  2 giant cockroaches
  2 goblins (D:4)
  5 hobgoblins
  8 ball pythons
  2 frilled lizards (D:3)
  14 kobolds
  3 rats
109 creatures vanquished.

Notes
Turn   | Place    | Note
-------+----------+-------------------------------------------
     0 | D:1      | Flugslaktarn the Human Venom Mage began the quest for the
                  | Orb.
     0 | D:1      | Reached XP level 1. HP: 13/13 MP: 3/3
     0 | D:1      | Noticed a green draconian
     0 | D:1      | Noticed an orb of fire
     1 | D:1      | Noticed an orb of fire
     1 | D:1      | Noticed an ice dragon
     3 | D:1      | Noticed a tentacled monstrosity
     6 | D:1      | Noticed an iron dragon
    10 | D:1      | Noticed an ice dragon
    10 | D:1      | Noticed a black draconian
    14 | D:1      | Noticed an ice dragon
    14 | D:1      | Noticed a large abomination
    16 | D:1      | Noticed a large abomination
    16 | D:1      | Noticed a shadow dragon
    18 | D:1      | Noticed a yellow draconian
    91 | D:1      | Reached XP level 2. HP: 11/19 MP: 0/5
   280 | D:2      | Reached XP level 3. HP: 12/24 MP: 0/6
   536 | D:3      | Found Seyziav's Magic Scroll Shoppe.
   546 | D:3      | Bought 2 scrolls of identify for 52 gold pieces
   548 | D:3      | Bought a scroll of identify for 26 gold pieces
   579 | D:4      | Reached XP level 4. HP: 16/30 MP: 1/7
   632 | D:5      | Entered Level 5 of the Dungeon
   741 | D:3      | Learned a level 2 spell: Poisonous Vapours
   745 | D:3      | Learned a level 3 spell: Mephitic Cloud
  1100 | D:2      | Found a faded altar of an unknown god.
  1139 | D:4      | Noticed Sigmund
  1141 | D:4      | Noticed Eustachio
  1144 | D:4      | Reached XP level 5. HP: 24/35 MP: 3/8
  1227 | D:3      | Reached skill level 1 in Air Magic
  1412 | D:4      | Reached skill level 4 in Poison Magic
  1412 | D:4      | Reached XP level 6. HP: 29/41 MP: 2/10
  1542 | D:3      | Killed Eustachio
  1543 | D:3      | Reached skill level 5 in Poison Magic
  1570 | D:3      | Learned a level 4 spell: Olgreb's Toxic Radiance
  1662 | D:4      | Reached XP level 7. HP: 37/46 MP: 8/11
  1704 | D:4      | Killed Sigmund
  1705 | D:4      | Reached skill level 6 in Poison Magic
  1925 | D:5      | Reached skill level 7 in Poison Magic
  2062 | D:5      | Reached skill level 1 in Fighting
  2062 | D:5      | Reached skill level 1 in Conjurations
  2062 | D:5      | Reached skill level 1 in Evocations
  2062 | D:5      | Reached XP level 8. HP: 15/51 MP: 7/12
  2101 | D:5      | Found a staircase to the Ecumenical Temple.
  2119 | Temple   | Entered the Ecumenical Temple
  2177 | Temple   | Became a worshipper of Sif Muna the Loreminder
  2275 | D:5      | Found a runed translucent door.
  2276 | D:5      | Noticed Crazy Yiuf
  2290 | D:5      | Killed Crazy Yiuf
  2598 | D:6      | Reached skill level 1 in Polearms
  2598 | D:6      | Reached skill level 1 in Invocations
  2808 | D:6      | Reached * piety under Sif Muna
  2809 | D:6      | Reached XP level 9. HP: 60/65 MP: 12/13
  3185 | D:7      | Reached skill level 8 in Poison Magic
  3187 | D:7      | Found a sacrificial altar of Ru.
  3261 | D:7      | Identified the +4 robe of Resilience {rPois rF+}
  3411 | D:7      | Noticed Joseph
  3429 | D:7      | Killed Joseph
  3532 | D:8      | HP: 2/55 [wight/+0 great sword (10)]
  3532 | D:8      | Slain by a wight

Illustrated notes

Levels and vault maps discovered:
D:1:      shiori_arrival_whats_in_store_for_you, layout_basic,
          minmay_tetromino_s2
D:2:      kennysheep_the_goblin_king, layout_basic,
          shapermc_ecumenical_altar_ellora
D:3:      layout_loops_ring, serial_shops, shop, minmay_three_crescents
D:4:      layout_rooms, uniq_eustachio, uniq_sigmund
D:5:      layout_basic, minmay_temple_entry_offerings, uniq_crazy_yiuf_cottage
D:6:      layout_loops_cross
D:7:      layout_layer_cave, nicolae_ru_awakened_eye, uniq_joseph
D:8:      layout_loops_cross, kennysheep_generic_room_7, uniq_prince_ribbit1
Temple:   mainiacjoe_temple_starburst

Skill      XL: |  1  2  3  4  5  6  7  8  9 |
---------------+----------------------------+-----
Transmutations | 2 |  2.0
Air Magic      | 2 |  2.0
Spellcasting   | 3 4 |  4.4
Poison Magic   | 4 5 7 8 |  8.0
Fighting       | 1 4 |  4.0
Conjurations   | 1 |  1.0
Evocations     | 1 3 |  3.0
Polearms       | 1 4 |  4.0
Invocations    | 1 3 |  3.2
Dodging        | 3 4 |  4.0
Stealth        | |  2.6

Action                   |  1- 3 |  4- 6 |  7- 9 || total
-------------------------+-------+-------+-------++-------
Melee: Dagger            |    20 |       |       ||    20
       Punch             |     2 |       |       ||     2
       Quarterstaff      |     9 |       |       ||     9
       Staff             |     2 |    19 |    58 ||    79
       Unarmed           |       |     2 |       ||     2
       Trident           |       |       |    47 ||    47
Throw: Javelin           |       |     2 |       ||     2
 Cast: Sting             |    32 |    45 |    81 ||   158
       Mephitic Cloud    |       |     1 |     4 ||     5
       Poisonous Vapours |       |     7 |    14 ||    21
       Olgreb's Toxic Ra |       |       |    20 ||    20
Evoke: Wand              |       |       |     2 ||     2
  Use: Potion            |     2 |       |     2 ||     4
       Scroll            |     7 |     2 |     6 ||    15
 Stab: Paralysed         |       |       |    11 ||    11
Armor: Robe              |     4 |    29 |     1 ||    34
       Skin              |     7 |     8 |     7 ||    22
       Leather armour    |       |     1 |    53 ||    54
Dodge: Dodged            |    25 |    55 |   116 ||   196
Block: Buckler           |       |       |     4 ||     4

Table legend: (Time is in decaauts)
 A = Elapsed time spent in this place.
 B = Non-inter-level travel time spent in this place.
 C = Inter-level travel time spent in this place.
 D = Time resting spent in this place.
 E = Time spent auto-exploring this place.
 F = Levels seen in this place.
 G = Mean time per level.
                   A        B        C        D        E       F      G
               +--------+--------+--------+--------+--------+-----+--------+
         Total |   3583 |   3348 |    235 |      0 |      0 |   9 |  398.1 |
       Dungeon |   3471 |   3258 |    213 |      0 |      0 |   8 |  433.9 |
        Temple |    111 |     89 |     22 |      0 |      0 |   1 |  111.0 |
               +--------+--------+--------+--------+--------+-----+--------+

Top non-repeatable levels by time:
     D:5: 842 daAuts
     D:4: 669 daAuts
     D:3: 633 daAuts
     D:7: 420 daAuts
     D:6: 364 daAuts
     D:2: 268 daAuts
     D:1: 235 daAuts
  Temple: 111 daAuts
     D:8: 36 daAuts
